 Dungeon Crawl Stone Soup version 0.31.0-32-g396128a36d (webtiles) character file.

Game seed: 11013668390992870896

412 gohu the Magician (level 7, -1/45 HPs)
             Began as a Djinni Fire Elementalist on Mar 16, 2024.
             Slain by Duvessa
             ... wielding a +0 short sword
              (15 damage)
             ... on level 4 of the Dungeon.
             The game lasted 00:05:51 (2603 turns).

gohu the Magician (Djinni Fire Elementalist)        Turns: 2603, Time: 00:05:52

Health: -1/45      AC:  7    Str:  7    XL:     7   Next: 14%
Gold:   137        EV: 12    Int: 19    God:
                   SH:  0    Dex: 13

rFire   + + +        c - staff of cold
rCold   x . .        (no shield)
rNeg    . . .        a - +0 robe
rPois   ∞            (no helmet)
rElec   .            e - +0 cloak
rCorr   .            (no gloves)
SInv    .            (boots unavailable)
Will    .....        (no amulet)
Stlth   ++           j - ring of fire
HPRegen 0.27/turn    n - +4 ring of protection
MPRegen 0.00/turn

%: infuse magic (-2 HP)
@: flying
A: sickness immunity, fire resistance 2, cold vulnerability 1, float, innate
caster, HP casting, extra vitality 1
a: no special abilities


You were on level 4 of the Dungeon.
You visited 1 branch of the dungeon, and saw 4 of its levels.

You collected 137 gold pieces.

Inventory:

Armour
 a - a +0 robe (worn)
 e - a +0 cloak (worn)
 p - a scarf of resistance
Magical Staves
 c - a staff of cold (weapon)
Jewellery
 j - a ring of fire (left hand)
 n - a +4 ring of protection (right hand)
Wands
 m - a wand of paralysis (7)
Scrolls
 b - a scroll of teleportation {unknown}
 g - a scroll of blinking {unknown}
 l - a scroll of immolation {unknown}
 q - a scroll of noise {unknown}
 r - a scroll of fear {unknown}
Potions
 d - 2 potions of berserk rage {unknown}
 f - a potion of degeneration {unknown}
 h - a potion of invisibility {unknown}
 i - a potion of cancellation {unknown}
 k - 2 potions of curing {unknown}
 o - a potion of attraction {unknown}
 s - a potion of haste {unknown}
 t - a potion of resistance {unknown}
 u - a potion of magic {unknown}
 v - a potion of enlightenment {unknown}


   Skills:
 - Level 2.1 Dodging
 - Level 1.5 Stealth
 + Level 6.2 Spellcasting
 + Level 6.2 Conjurations
 + Level 6.2 Hexes
 + Level 6.2 Summonings
 + Level 6.2 Necromancy
 + Level 6.2 Translocations
 + Level 6.2 Fire Magic
 + Level 6.2 Ice Magic
 + Level 6.2 Air Magic
 + Level 6.2 Earth Magic
 + Level 6.2 Alchemy


You knew the following spells:

 Your Spells              Type           Power      Damage    Failure   Level
a - Foxfire               Conj/Fire      100%       2x1d9     1%          1
b - Scorch                Fire           88%        2d8       1%          2
c - Flame Wave            Conj/Fire      44%        2d11      9%          4
d - Inner Flame           Hex/Fire       44%        N/A       2%          3
e - Volatile Blastmotes   Fire/Tloc      88%        2d17      2%          3
f - Magic Dart            Conj           100%       1d8       1%          1
g - Blink                 Tloc           58%        N/A       1%          2
h - Teleport Other        Tloc           29%        N/A       2%          3
Your spell library was empty.

Dungeon Overview and Level Annotations

Branches:
Dungeon (4/15)
 Temple: D:4-7

Altars:
Elyvilon

Annotations:
D:4 Duvessa; krest9999's ghost, novice DEHu


Innate Abilities, Weirdness & Mutations

You are immune to sickness and miasma.
You are immune to poison.
Your flesh is very heat resistant. (rF++)
You are vulnerable to cold. (rC-)
You float through the air rather than walking.
You learn spells naturally, not from books.
Your magical power is your life essence.
You have superior vitality. (+4 MHP)


Message History

The foxfire hits the orc.
The orc is heavily wounded.
The foxfire hits the orc.
You kill the orc!
Casting: Foxfire (safe; 1% risk of failure)
Confirm with . or Enter, or press ? or * to list all spells.
You feel a surge of power!
Flames lash the orc wizard.
The orc wizard is severely wounded.
The orc wizard's fire resistance burns away.
Duvessa goes berserk!
The orc wizard is engulfed in a cloud of scalding steam.
You kill the orc wizard!
You hear a splash. x2
Casting: Scorch (safe; 1% risk of failure)
Confirm with . or Enter, or press ? or * to list all spells.
You can't see any susceptible monsters within range! (Use Z to cast anyway.)
Casting: Scorch (safe; 1% risk of failure)
Confirm with . or Enter, or press ? or * to list all spells.
You feel a surge of power!
A cloud of volatile blastmotes flares up around you!
Run!
Duvessa misses you. Duvessa attacks as she pursues you!
Duvessa barely misses you.
The cloud of blastmotes explodes!
The concussive blast engulfs Duvessa!
Duvessa is lightly wounded.
The concussive blast engulfs you. You resist.
You are knocked back by the blast.
You hear a shout!
Casting: Volatile Blastmotes (dangerous; 2% risk of failure)
Confirm with . or Enter, or press ? or * to list all spells.
You feel a surge of power!
Flames lash Duvessa.
Duvessa is moderately wounded.
Duvessa's fire resistance burns away.
Duvessa misses you. Duvessa barely misses you.
Casting: Scorch (safe; 1% risk of failure)
Confirm with . or Enter, or press ? or * to list all spells.
You feel a surge of power!
Flames lash Duvessa.
Duvessa is burned terribly!
Duvessa is heavily wounded.
Duvessa hits you with a +0 short sword. Duvessa hits you with a +0 short sword!
Duvessa hits you with a +0 short sword!
You die...

..### ....... .. ..#
....). ... #.# #~~.P♣♣♣..
### #≈)P))... .. .#
###.P.♣♣.♣♣ ..# .#
#?...♣♣...♣♣... ##
#..♣.♣P...P♣.♣ #
##e♣P..._...P♣ #...
##@♣.♣.....♣. ....##
#....♣♣..P♣♣ . .....######
##..PP♣♣.♣♣....
......##..#
##..~~P......~~.. .....#
#..####...~~.P♣♣♣P.~~..
....#
#.###...........####...
....## #..#.......#.....##
..
...:.###..........##.....#
.....##.###.......#.>....#


You could see Duvessa (berserk, combustible).

Vanquished Creatures
  An ogre (D:4)
  Dowan (D:4)
  A howler monkey (D:4)
  2 iguanas
  2 orc wizards (D:4)
  A gnoll (D:1)
  4 adders
  6 dart slugs
  A ribbon worm (D:4)
  5 orcs
  8 endoplasms
  8 giant cockroaches
  4 hobgoblins
  5 quokkas
  5 ball pythons
  6 bats
  7 frilled lizards
  5 goblins
  6 kobolds
  9 rats
87 creatures vanquished.

Vanquished Creatures (collateral kills)
  6 foxfires
6 creatures vanquished.

Vanquished Creatures (others)
  A butterfly (D:4)
  254 foxfires
255 creatures vanquished.

Grand Total: 348 creatures vanquished

Notes
Turn   | Place    | Note
-------+----------+-------------------------------------------
     0 | D:1      | gohu the Djinni Fire Elementalist began the quest for the
                  | Orb.
     0 | D:1      | gohu set off with the following spells memorised: Foxfire,
                  | Scorch, Volatile Blastmotes, Inner Flame, Flame Wave.
     0 | D:1      | Reached XP level 1. HP: 15/15 MP: 0/0
   146 | D:1      | Reached XP level 2. HP: 16/21 MP: 0/0
   323 | D:1      | Reached XP level 3. HP: 23/25 MP: 0/0
   323 | D:1      | Learned a level 1 spell: Magic Dart
   843 | D:2      | You are sucked into a shaft and drop 2 floors!
   847 | D:4      | Noticed Dowan
   848 | D:4      | Noticed Duvessa
   856 | D:3      | Reached XP level 4. HP: 30/31 MP: 0/0
  1206 | D:2      | Found a faded altar of an unknown god.
  1641 | D:3      | Reached XP level 5. HP: 33/35 MP: 0/0
  1641 | D:3      | Learned a level 2 spell: Blink
  2200 | D:4      | Found a runed translucent gate.
  2200 | D:4      | Found a runed translucent gate.
  2200 | D:4      | Found a runed translucent gate.
  2235 | D:4      | Reached skill level 5 in Spellcasting
  2235 | D:4      | Reached skill level 5 in Conjurations
  2235 | D:4      | Reached skill level 5 in Hexes
  2235 | D:4      | Reached skill level 5 in Summonings
  2235 | D:4      | Reached skill level 5 in Necromancy
  2235 | D:4      | Reached skill level 5 in Translocations
  2235 | D:4      | Reached skill level 5 in Fire Magic
  2235 | D:4      | Reached skill level 5 in Ice Magic
  2235 | D:4      | Reached skill level 5 in Air Magic
  2235 | D:4      | Reached skill level 5 in Earth Magic
  2235 | D:4      | Reached skill level 5 in Alchemy
  2278 | D:4      | Killed Dowan
  2279 | D:4      | Reached XP level 6. HP: 34/40 MP: 0/0
  2294 | D:4      | Identified the +3 mace of Abuse {freeze, rElec rN+ Str+4
                  | Dex+3}
  2294 | D:4      | Noticed an ogre
  2304 | D:4      | Killed an ogre
  2469 | D:4      | Noticed krest9999's ghost (novice DEHu)
  2469 | D:4      | Noticed an ice beast
  2469 | D:4      | Noticed an ice beast
  2567 | D:4      | Found a white marble altar of Elyvilon.
  2589 | D:4      | Reached XP level 7. HP: 39/45 MP: 0/0
  2589 | D:4      | Learned a level 3 spell: Teleport Other
  2603 | D:4      | Slain by Duvessa

Illustrated notes

Levels and vault maps discovered:
D:1:      nagdon_arrival_double_spiral, layout_basic, minmay_misc_feat_enclosed,
          st_stairs_10, minmay_3d_cube
D:2:      layout_rooms, shapermc_ecumenical_altar_mp_ritualfount, basic_altar
D:3:      layout_loops_corners, general_overflow_altar
D:4:      minmay_chambers_of_fours, layout_cave_pools,
          mainiacjoe_overflow_alcove_2, nicolae_elyvilon_peaceful_grove,
          kennysheep_mini, gammafunk_ghost_icy, uniq_duvessa

Skill      XL: |  1  2  3  4  5  6 |
---------------+-------------------+-----
Spellcasting   | 4 5 6 |  6.2
Conjurations   | 4 5 6 |  6.2
Hexes          | 4 5 6 |  6.2
Summonings     | 4 5 6 |  6.2
Necromancy     | 4 5 6 |  6.2
Translocations | 4 5 6 |  6.2
Fire Magic     | 4 5 6 |  6.2
Ice Magic      | 4 5 6 |  6.2
Air Magic      | 4 5 6 |  6.2
Earth Magic    | 4 5 6 |  6.2
Alchemy        | 4 5 6 |  6.2
Dodging        | |  2.1
Stealth        | |  1.5

Action                     |  1- 3 |  4- 6 |  7- 9 || total
---------------------------+-------+-------+-------++-------
  Melee: Staff             |     1 |       |       ||     1
   Cast: Foxfire           |    67 |    86 |     2 ||   155
         Scorch            |     1 |    13 |     3 ||    17
         Volatile Blastmot |       |     4 |     1 ||     5
 Armour: Robe              |     6 |    14 |     4 ||    24
  Dodge: Dodged            |    10 |    14 |     4 ||    28
